EL
ERIE SEAWOLVES @ BOWIE BAYSOX
05/30/2110
 
TOP OF THE 1ST
Erie SeaWolves batting - Pitching for Bowie Baysox : RHP Jonathan Duffy
Pitching: RHP Jonathan Duffy
Batting: RHB Alex Mata 0-0: Ball
1-0: Fly out, F3 (Popup, 3SF, EV 79.4 MPH)
Batting: LHB Miguel Rubio 0-0: DOUBLE (Line Drive, 89D, EV 101.3 MPH)
Batting: RHB Hitoki Okinaka 0-0: Ball
1-0: Ball
2-0: Ground out 6-3 (Groundball, 6, EV 99.4 MPH)
Batting: RHB Rob Castillo 0-0: Fly out, F9 (Flyball, 9LS, EV 98.1 MPH)
Top of the 1st over - 0 runs, 1 hit, 0 errors, 1 left on base; Erie 0 - Bowie 0
BOTTOM OF THE 1ST
Bowie Baysox batting - Pitching for Erie SeaWolves : LHP Jesus Esquivel
Pitching: LHP Jesus Esquivel
Batting: RHB Takeshi Nakanishi 0-0: Called Strike
0-1: Fly out, F8 (Flyball, 8RS, EV 93.8 MPH)
Batting: LHB Luis Perez 0-0: Called Strike
0-1: Swinging Strike
0-2: Strikes out swinging
Batting: SHB Josh Johnson 0-0: Ground out 5-3 (Groundball, 56, EV 83.8 MPH)
Bottom of the 1st over - 0 runs, 0 hits, 0 errors, 0 left on base; Erie 0 - Bowie 0
TOP OF THE 2ND
Erie SeaWolves batting - Pitching for Bowie Baysox : RHP Jonathan Duffy
Batting: LHB Mike Hull 0-0: Ball
1-0: Ball
2-0: Ball
3-0: Base on Balls
Batting: RHB Pat Hendrickson 0-0: Called Strike
0-1: Swinging Strike
0-2: Strikes out swinging
Batting: RHB Victor Sena 0-0: Ground out 5-3 (Groundball, 5, EV 102.5 MPH)
Mike Hull to second
Batting: RHB Josh Warren 0-0: Called Strike
0-1: Swinging Strike
0-2: Strikes out swinging
Top of the 2nd over - 0 runs, 0 hits, 0 errors, 1 left on base; Erie 0 - Bowie 0
BOTTOM OF THE 2ND
Bowie Baysox batting - Pitching for Erie SeaWolves : LHP Jesus Esquivel
Batting: LHB Ruben Nolasco 0-0: Foul Ball, location: 2RF
0-1: Swinging Strike
0-2: Strikes out swinging
Batting: RHB Josh Cummings 0-0: Ball
1-0: Ball
2-0: Ball
3-0: Base on Balls
Batting: RHB Brian Margrave 0-0: Ball
1-0: Ball
2-0: Fly out, F8 (Flyball, 8LXD, EV 107.5 MPH)
Batting: RHB Edwin Morell 0-0: Ball
1-0: Foul Ball, location: 2F
1-1: Ball
2-1: Ball
3-1: Fly out, F8 (Flyball, 8LD, EV 94.4 MPH)
Bottom of the 2nd over - 0 runs, 0 hits, 0 errors, 1 left on base; Erie 0 - Bowie 0
TOP OF THE 3RD
Erie SeaWolves batting - Pitching for Bowie Baysox : RHP Jonathan Duffy
Batting: LHB Francisco Valenzuela 0-0: Called Strike
0-1: Ball
1-1: Foul Ball, location: 5FF
1-2: Strikes out swinging
Batting: RHB Alex Mata 0-0: Foul Ball, location: 2F
0-1: Ball
1-1: Swinging Strike
1-2: Fly out, F7 (Flyball, 7, EV 96.3 MPH)
Batting: LHB Miguel Rubio 0-0: Ball
1-0: Called Strike
1-1: Ball
2-1: Swinging Strike
2-2: Foul Ball, location: 2F
2-2: Ball
3-2: Base on Balls
Batting: RHB Hitoki Okinaka 0-0: Ball
1-0: Ball
2-0: Ground out 4-3 (Groundball, 4, EV 81.3 MPH)
Top of the 3rd over - 0 runs, 0 hits, 0 errors, 1 left on base; Erie 0 - Bowie 0
BOTTOM OF THE 3RD
Bowie Baysox batting - Pitching for Erie SeaWolves : LHP Jesus Esquivel
Batting: RHB Josh Hood 0-0: Ball
1-0: Ball
2-0: Ground out 4-3 (Groundball, 4, EV 101.3 MPH)
Batting: RHB Johnny Neubauer 0-0: Ground out 6-3 (Groundball, 6D, EV 98.1 MPH)
DELAY Rain delay of 51 minutes in the 3rd inning.
Batting: RHB Takeshi Nakanishi 0-0: Ground out 1-3 (Groundball, 23, EV 68.1 MPH)
Bottom of the 3rd over - 0 runs, 0 hits, 0 errors, 0 left on base; Erie 0 - Bowie 0
TOP OF THE 4TH
Erie SeaWolves batting - Pitching for Bowie Baysox : RHP Jonathan Duffy
Batting: RHB Rob Castillo 0-0: Called Strike
0-1: Ground out 6-3 (Groundball, 6D, EV 103.8 MPH)
Batting: LHB Mike Hull 0-0: Ball
1-0: Fly out, F9 (Flyball, 9D, EV 98.8 MPH)
Batting: RHB Pat Hendrickson 0-0: Called Strike
0-1: Called Strike
0-2: TRIPLE (Groundball, 3L, EV 103.8 MPH)
Batting: RHB Victor Sena 0-0: Called Strike
0-1: Swinging Strike
0-2: Ground out 6-3 (Groundball, 56D, EV 100.0 MPH)
Top of the 4th over - 0 runs, 1 hit, 0 errors, 1 left on base; Erie 0 - Bowie 0
BOTTOM OF THE 4TH
Bowie Baysox batting - Pitching for Erie SeaWolves : LHP Jesus Esquivel
Batting: LHB Luis Perez 0-0: Ball
1-0: Ball
2-0: Foul Ball, location: 5F
2-1: Foul Ball, location: 23FF
2-2: Foul Ball, location: 2F
2-2: Foul Ball, location: 2F
2-2: Ball
3-2: Base on Balls
Batting: SHB Josh Johnson 0-0: SINGLE (Groundball, 4MD, EV 106.9 MPH)
Luis Perez to second
Batting: LHB Ruben Nolasco 0-0: Ball
1-0: Ball
2-0: Foul Ball, location: 7LSFF
2-1: Grounds into double play, 3-6-3 (Groundball, 3, EV 83.1 MPH)
Luis Perez to third
Batting: RHB Josh Cummings 0-0: Swinging Strike
0-1: Called Strike
0-2: Ball
1-2: Strikes out looking
Bottom of the 4th over - 0 runs, 1 hit, 0 errors, 1 left on base; Erie 0 - Bowie 0
TOP OF THE 5TH
Erie SeaWolves batting - Pitching for Bowie Baysox : RHP Jonathan Duffy
Batting: RHB Josh Warren 0-0: Ball
1-0: Foul Ball, location: 25FF
1-1: Ball
2-1: Called Strike
2-2: Strikes out swinging
Batting: LHB Francisco Valenzuela 0-0: Called Strike
0-1: Ball
1-1: Ball
2-1: Ground out 4-3 (Groundball, 4, EV 95.0 MPH)
Batting: RHB Alex Mata 0-0: Ball
1-0: Foul Ball, location: 2F
1-1: Ball
2-1: Foul Ball, location: 2F
2-2: Foul Ball, location: 2F
2-2: SINGLE (Line Drive, 9S, EV 84.4 MPH)
Batting: LHB Miguel Rubio 0-0: Ball
1-0: Ball
2-0: SINGLE (Line Drive, 9S, EV 88.1 MPH)
Alex Mata to second
Batting: RHB Hitoki Okinaka 0-0: Called Strike
0-1: Ball
1-1: Swinging Strike
1-2: Foul Ball, location: 2RF
1-2: Strikes out swinging
Top of the 5th over - 0 runs, 2 hits, 0 errors, 2 left on base; Erie 0 - Bowie 0
BOTTOM OF THE 5TH
Bowie Baysox batting - Pitching for Erie SeaWolves : LHP Jesus Esquivel
Batting: RHB Brian Margrave 0-0: Foul Ball, location: 7LMF
0-1: Ground out 4-3 (Groundball, 4, EV 78.8 MPH)
Batting: RHB Edwin Morell 0-0: Called Strike
0-1: Called Strike
0-2: Ball
1-2: Ground out 6-3 (Groundball, 56, EV 101.9 MPH)
Batting: RHB Josh Hood 0-0: Ball
1-0: Called Strike
1-1: Foul Ball, location: 7LDF
1-2: Strikes out swinging
Bottom of the 5th over - 0 runs, 0 hits, 0 errors, 0 left on base; Erie 0 - Bowie 0
TOP OF THE 6TH
Erie SeaWolves batting - Pitching for Bowie Baysox : RHP Jonathan Duffy
Batting: RHB Rob Castillo 0-0: Foul Ball, location: 9LMF
0-1: Swinging Strike
0-2: Ball
1-2: Strikes out swinging
Batting: LHB Mike Hull 0-0: Ball
1-0: Called Strike
1-1: DOUBLE (Line Drive, 89XD, EV 98.1 MPH)
Batting: RHB Pat Hendrickson 0-0: Single, Error in OF, E9, batter to second base (Line Drive, 89S, EV 107.5 MPH)
Mike Hull scores
Batting: RHB Victor Sena 0-0: Swinging Strike
0-1: Foul Ball, location: 2F
0-2: Fly out, F9 (Flyball, 9D, EV 91.3 MPH)
Batting: RHB Josh Warren 0-0: Ball
1-0: Ball
2-0: Fly out, F4 (Popup, 23, EV 95.0 MPH)
Top of the 6th over - 1 run, 2 hits, 1 error, 1 left on base; Erie 1 - Bowie 0
BOTTOM OF THE 6TH
Bowie Baysox batting - Pitching for Erie SeaWolves : LHP Jesus Esquivel
Batting: RHB Johnny Neubauer 0-0: Foul Ball, location: 9LDF
0-1: Foul Ball, location: 2F
0-2: Fly out, F4 (Popup, 4S, EV 85.6 MPH)
Batting: RHB Takeshi Nakanishi 0-0: Ball
1-0: Foul Ball, location: 2F
1-1: Foul Ball, location: 9LSF
1-2: Ball
2-2: Foul Ball, location: 23F
2-2: Strikes out swinging
Batting: LHB Luis Perez 0-0: Called Strike
0-1: Ball
1-1: Ball
2-1: Swinging Strike
2-2: Strikes out swinging
Bottom of the 6th over - 0 runs, 0 hits, 0 errors, 0 left on base; Erie 1 - Bowie 0
TOP OF THE 7TH
Erie SeaWolves batting - Pitching for Bowie Baysox : RHP Jonathan Duffy
Batting: LHB Francisco Valenzuela 0-0: Called Strike
0-1: Swinging Strike
0-2: Foul Ball, location: 9LMF
0-2: Ball
1-2: Ground out 6-3 (Groundball, 6S, EV 66.3 MPH)
Batting: RHB Alex Mata 0-0: Called Strike
0-1: Ball
1-1: Ball
2-1: Fly out, F8 (Flyball, 8LD, EV 110.6 MPH)
Pitching: RHP Eric Fox
Batting: LHB Miguel Rubio 0-0: Ball
1-0: Called Strike
1-1: Called Strike
1-2: Ball
2-2: Ball
3-2: Fly out, F9 (Line Drive, 9, EV 91.3 MPH)
Top of the 7th over - 0 runs, 0 hits, 0 errors, 0 left on base; Erie 1 - Bowie 0
BOTTOM OF THE 7TH
Bowie Baysox batting - Pitching for Erie SeaWolves : LHP Jesus Esquivel
Batting: SHB Josh Johnson 0-0: Ball
1-0: SINGLE (Line Drive, 78M, EV 92.5 MPH)
Batting: LHB Ruben Nolasco 0-0: SINGLE (Line Drive, 78S, EV 86.9 MPH)
Josh Johnson to second
Batting: RHB Josh Cummings 0-0: Ball
1-0: Foul Ball, location: 5DF
1-1: Foul Ball, location: 2F
1-2: Fielders Choice at 2nd, 6-4 (Groundball, 6, EV 102.5 MPH)
Josh Johnson to third
Batting: RHB Brian Margrave 0-0: Foul Ball, location: 7LDF
0-1: Ball
1-1: Foul Ball, location: 5SF
1-2: Foul Ball, location: 2F
1-2: Foul Ball, location: 2F
1-2: SINGLE (Groundball, 34, EV 78.1 MPH)
Josh Johnson scores
Josh Cummings to second
Batting: RHB Edwin Morell 0-0: Ball
1-0: Ball
2-0: Called Strike
2-1: Called Strike
Josh Cummings steals 3rd base
2-2: Fielders Choice attempt at home, Runner SAFE. 4-2 (Groundball, 4, EV 108.1 MPH)
Brian Margrave to second
Batting: RHB Josh Hood 0-0: Ball
1-0: Called Strike
1-1: Fly out, F9 (Flyball, 9LS, EV 90.6 MPH)
Batting: RHB Johnny Neubauer 0-0: Called Strike
0-1: Fielders Choice at 2nd, 6-4 (Groundball, 6, EV 78.1 MPH)
Bottom of the 7th over - 2 runs, 3 hits, 0 errors, 2 left on base; Erie 1 - Bowie 2
TOP OF THE 8TH
Erie SeaWolves batting - Pitching for Bowie Baysox : RHP Eric Fox
Batting: RHB Hitoki Okinaka 0-0: Called Strike
0-1: Ball
1-1: Called Strike
1-2: Foul Ball, location: 3FF
1-2: Ball
2-2: Foul Ball, location: 2F
2-2: SINGLE (Flyball, 8RS, EV 88.1 MPH) - OUT at second base trying to stretch hit.
Batting: RHB Rob Castillo 0-0: Called Strike
0-1: SINGLE (Line Drive, 6M, EV 101.3 MPH)
Batting: LHB Mike Hull 0-0: Called Strike
0-1: SINGLE (Groundball, 6MD, EV 110.6 MPH)
Rob Castillo to second
Batting: RHB Pat Hendrickson 0-0: DOUBLE (Line Drive, 9LD, EV 103.1 MPH)
Rob Castillo scores
Mike Hull to third
Batting: RHB Victor Sena 0-0: Ball
1-0: Ball
2-0: Swinging Strike
2-1: Foul Ball, location: 7LMFF
2-2: Strikes out swinging
Batting: RHB Josh Warren 0-0: SINGLE (Line Drive, 34D, EV 103.8 MPH)
Mike Hull scores
Pat Hendrickson to third
Batting: LHB Francisco Valenzuela 0-0: Ball
1-0: Foul Ball, location: 7LSF
1-1: Ball
2-1: Ball
3-1: Called Strike
Josh Warren is caught stealing 2nd base 2-6
Top of the 8th over - 2 runs, 5 hits, 0 errors, 1 left on base; Erie 3 - Bowie 2
BOTTOM OF THE 8TH
Bowie Baysox batting - Pitching for Erie SeaWolves : LHP Jesus Esquivel
Pitching: LHP Scott Bukowski
Batting: RHB Takeshi Nakanishi 0-0: Foul Ball, location: 9LDF
0-1: Ball
1-1: Called Strike
1-2: Strikes out looking
Pinch Hitting: RHB Jacob McGrath 0-0: Ball
1-0: Ball
2-0: Called Strike
2-1: Ball
3-1: Swinging Strike
3-2: Base on Balls
Batting: SHB Josh Johnson 0-0: Ball
1-0: Ground out 6-3 (Groundball, 56S, EV 63.8 MPH)
Jacob McGrath to second
Batting: LHB Ruben Nolasco 0-0: Ball
1-0: Foul Ball, location: 5F
1-1: Ball
2-1: Ground out 5-3 (Groundball, 56, EV 85.6 MPH)
Bottom of the 8th over - 0 runs, 0 hits, 0 errors, 1 left on base; Erie 3 - Bowie 2
TOP OF THE 9TH
Erie SeaWolves batting - Pitching for Bowie Baysox : RHP Eric Fox
Now in LF: Jacob McGrath
Now in CF: Josh Johnson
Now in RF: Ruben Nolasco
Batting: LHB Francisco Valenzuela 0-0: Ball
1-0: Swinging Strike
1-1: Called Strike
1-2: Ball
2-2: Foul Ball, location: 5DF
2-2: Ground out 6-3 (Groundball, 56, EV 83.1 MPH)
Batting: RHB Alex Mata 0-0: Foul Ball, location: 3F
0-1: Fly out, F4 (Popup, 34D, EV 48.1 MPH)
Batting: LHB Miguel Rubio 0-0: Foul Ball, location: 2F
0-1: Foul Ball, location: 2F
0-2: Ball
1-2: Strikes out swinging
Top of the 9th over - 0 runs, 0 hits, 0 errors, 0 left on base; Erie 3 - Bowie 2
BOTTOM OF THE 9TH
Bowie Baysox batting - Pitching for Erie SeaWolves : LHP Scott Bukowski
Batting: RHB Josh Cummings 0-0: Swinging Strike
0-1: Foul Ball, location: 25FF
0-2: Ball
1-2: Ball
2-2: Foul Ball, location: 2F
2-2: Ball
3-2: Ground out 1-3 (Groundball, 13S, EV 67.5 MPH)
Batting: RHB Brian Margrave 0-0: Foul Ball, location: 2F
0-1: Ball
1-1: Foul Ball, location: 5F
1-2: Ball
2-2: Foul Ball, location: 25FF
2-2: Fly out, F4 (Line Drive, 4, EV 67.5 MPH)
Batting: RHB Edwin Morell 0-0: Ball
1-0: Swinging Strike
1-1: Ground out 6-3 (Groundball, 6, EV 85.6 MPH)
Bottom of the 9th over - 0 runs, 0 hits, 0 errors, 0 left on base; Erie 3 - Bowie 2
Friday, May 30th , 2025 - OOTP Baseball 26.3 Build 55